Jets vs Nordiques

Created - 7 mars 2018 at 19:26

Goals
1 2 3 OT1 T
Jets 2 1 0 0 3
Nordiques 1 2 0 1 4
Shots
1 2 3 OT1 T
Jets 11 8 6 0 25
Nordiques 12 18 10 1 41

1st period

1. Jets , Wayne Simmonds 35 (Joshua Morrissey 4) at 0:40
2. Nordiques , Kyle Turris 23 (Evander Kane 11, Alexander Wennberg 31) at 2:46
3. Jets , Wayne Simmonds 36 (Nathan MacKinnon 44, Jacob Josefson 9) at 10:06

Penalties :
No Penalty

2nd period

4. Nordiques , Sebastian Aho 14 (Jamie Benn 29, Andrei Markov 21) at 1:29
5. Nordiques , Evander Kane 11 (Alexander Wennberg 32, Kyle Turris 23) at 3:30 (PP)
6. Jets , Jacob Josefson 9 (Alex Galchenyuk 25, Troy Brouwer 20) at 12:15

Penalties :
Wayne Simmonds (WIN) for Interference (Minor) at 1:36, Wayne Simmonds (WIN) for Hooking (Minor) at 3:52

3rd period

No Goal

Penalties :
Travis Hamonic (WIN) for Slashing (Minor) at 9:52, Joshua Morrissey (WIN) for Hooking (Minor) at 12:18

Overtime #1

7. Nordiques , Kyle Turris 24 (Alexander Wennberg 33) at 1:21

Penalties :
No Penalty

Goalie Stats

Anton Forsberg (WIN), 37 saves from 41 shots - (0,902), OTL, 8-5-3, 61:21 minutes
Roberto Luongo (QUE), 22 saves from 25 shots - (0,880), W, 31-16-5, 61:21 minutes

Players Stats for Jets

Player Name              G  A  P  +/- PIM S  H  SB GA TA FO     MP     PP MP  PK MP  
------------------------------------------------------------------------------------
Alex Galchenyuk          0  1  1   0  0   0  0  4  0  0  7/12   15:59   0:00   1:30 
Brett Ritchie            0  0  0   0  0   0  2  0  0  1  1/2    10:49   0:00   0:00 
Colton Sissons           0  0  0   0  0   2  0  0  2  0  2/8    12:49   0:00   2:18 
Duncan Keith             0  0  0   1  0   0  0  1  2  0  0/0    22:17   0:00   0:30 
Eric Fehr                0  0  0  -1  0   3  0  0  0  0  4/9    15:12   0:00   4:03 
Frederick Gaudreau       0  0  0   0  0   0  0  0  0  0  0/0     9:26   0:00   0:00 
Jacob Josefson           1  1  2   0  0   2  2  0  0  0  0/0    13:19   0:00   4:03 
Jay McClement            0  0  0   0  0   1  0  0  0  1  2/5    11:26   0:00   2:18 
Jimmy Vesey              0  0  0   0  0   2  2  2  1  1  0/0    15:31   0:00   1:30 
Josh Gorges              0  0  0   0  0   0  2  0  0  0  0/0    19:24   0:00   3:17 
Josh Manson              0  0  0   0  0   1  0  0  0  0  0/0    22:43   0:00   3:26 
Joshua Morrissey         0  1  1   0  2   0  1  4  0  1  0/0    23:08   0:00   0:57 
Marian Hossa             0  0  0   1  0   0  0  0  0  0  3/3    18:37   0:00   0:00 
Mark Pysyk               0  0  0   0  0   1  1  0  0  0  0/0    15:59   0:00   4:22 
Nathan MacKinnon         0  1  1   1  0   3  1  1  1  0  7/24   18:42   0:00   0:00 
Travis Hamonic           0  0  0   0  2   1  3  0  0  0  0/0    17:56   0:00   3:10 
Troy Brouwer             0  1  1  -1  0   1  2  0  0  0  0/0    14:14   0:00   0:00 
Wayne Simmonds           2  0  2   1  4   8  3  0  2  0  0/3    18:37   0:00   0:00 

Players Stats for Nordiques

Player Name              G  A  P  +/- PIM S  H  SB GA TA FO     MP     PP MP  PK MP  
------------------------------------------------------------------------------------
Alexander Wennberg       0  3  3   2  0   5  0  1  0  1  0/1    18:26   2:39   0:00 
Andrei Markov            0  1  1   0  0   0  4  1  0  3  0/0    22:43   3:23   0:00 
Derek MacKenzie          0  0  0  -1  0   0  1  1  0  1  0/0     7:04   0:00   0:00 
Evander Kane             1  1  2   1  0   1  1  0  0  0  0/1    17:27   2:39   0:00 
Jakub Vrana              0  0  0  -1  0   4  0  1  1  0  0/0    13:17   0:00   0:00 
Jamie Benn               0  1  1   0  0   4  3  1  0  0  0/1    22:25   5:12   0:00 
Jared Spurgeon           0  0  0  -1  0   2  0  0  0  0  0/0    22:54   3:23   0:00 
Jaromir Jagr             0  0  0  -1  0   0  1  1  0  1  1/1    13:38   0:00   0:00 
Kevin Klein              0  0  0   1  0   0  0  1  0  0  0/0    13:46   0:00   0:00 
Kyle Turris              2  1  3   2  0   9  1  1  0  0  8/19   18:26   2:39   0:00 
Luke Glendening          0  0  0  -1  0   0  0  0  0  0  1/1     7:04   0:00   0:00 
Morgan Rielly            0  0  0  -1  0   2  2  2  0  0  0/0    24:32   4:28   0:00 
Patrik Berglund          0  0  0  -1  0   2  1  0  1  2  10/14  13:26   0:00   0:00 
Paul Carey               0  0  0  -1  0   0  0  0  0  0  0/0     7:04   0:00   0:00 
Ryan O'Reilly            0  0  0   0  0   3  2  0  1  0  18/24  22:25   5:12   0:00 
Sebastian Aho            1  0  1   0  0   6  0  0  1  0  2/4    22:00   5:12   0:00 
Shayne Gostisbehere      0  0  0  -1  0   0  0  0  0  0  0/0    23:40   4:28   0:00 
Tom Gilbert              0  0  0   1  0   3  0  1  0  0  0/0    13:46   0:00   0:00 

3 Stars

1 - Kyle Turris (QUE)
2 - Alexander Wennberg (QUE)
3 - Evander Kane (QUE)

Power Play

Jets - 0 on 0 Attempt(s) - 0,00%
Nordiques - 1 on 4 Attempt(s) - 25,00%

Penalty Kill

Jets - 3 on 4 Attempt(s) - 75,00% - Score 0 goal in Penalty Kill
Nordiques - 0 on 0 Attempt(s) - 0,00% - Score 0 goal in Penalty Kill

Team Stat

Jets - Hits : 19 - Faceoff Wins : 26 - Blocked Shots : 12 - Penalty Minutes : 8
Nordiques - Hits : 16 - Faceoff Wins : 40 - Blocked Shots : 11 - Penalty Minutes : 0

Official

Referees : Jacob Brenk and Brad Meier
Linesman : Shane Heyer and Steve Barton

Game Notes

No Game Note

Finance

Level 1 -- Attendance: 5719 (95,32%) -- Ticket Income 457 520 $
Level 2 -- Attendance: 5000 (100,00%) -- Ticket Income 250 000 $
Level 3 -- Attendance: 2000 (100,00%) -- Ticket Income 50 000 $
Level 4 -- Attendance: 4000 (100,00%) -- Ticket Income 40 000 $
Luxury Box -- Attendance: 1000 (100,00%) -- Ticket Income 160 000 $
Game was played at the Colisee.
Total Attendance: 17719 (98,44%)
Total Ticket Income: 957 520 $
Other Income: 469 185 $
Total Income: 1 426 705 $

Jets

5 vs 5 Forward 
   Center                   Left Wing                Right Wing               Time % Phy DF OF 
 1 Nathan MacKinnon         Wayne Simmonds           Marian Hossa             40     1   2  2  
 2 Alex Galchenyuk          Jimmy Vesey              Troy Brouwer             30     1   2  2  
 3 Colton Sissons           Eric Fehr                Brett Ritchie            20     1   2  2  
 4 Jay McClement            Jacob Josefson           Frederick Gaudreau       10     1   2  2  

5 vs 5 Defense 
   Defense                  Defense                                           Time % Phy DF OF 
 1 Duncan Keith             Joshua Morrissey                                  40     1   2  2  
 2 Josh Manson              Josh Gorges                                       30     1   2  2  
 3 Mark Pysyk               Travis Hamonic                                    20     1   2  2  
 4 Josh Manson              Travis Hamonic                                    10     1   2  2  

PowerPlay Forward 
   Center                   Left Wing                Right Wing               Time % Phy DF OF 
 1 Nathan MacKinnon         Wayne Simmonds           Marian Hossa             60     1   2  2  
 2 Alex Galchenyuk          Eric Fehr                Troy Brouwer             40     1   2  2  

PowerPlay Defense
   Defense                  Defense                                           Time % Phy DF OF 
 1 Joshua Morrissey         Duncan Keith                                      60     1   2  2  
 2 Josh Manson              Josh Gorges                                       40     1   2  2  

Penalty Kill 4 Players Forward 
   Center                   Wing                     Time % Phy DF OF 
 1 Eric Fehr                Jacob Josefson           60     1   2  2  
 2 Jay McClement            Colton Sissons           40     1   2  2  

Penalty Kill 4 Players Defense
   Defense                  Defense                  Time % Phy DF OF 
 1 Travis Hamonic           Mark Pysyk               60     1   2  2  
 2 Josh Manson              Josh Gorges              40     1   2  2  

Penalty Kill - 3 Players Forward 
   Forward                                           Time % Phy DF OF 
 1 Colton Sissons                                    60     1   2  2  
 2 Jacob Josefson                                    40     1   2  2  

Penalty Kill - 3 Players Defense
   Defense                  Defense                  Time % Phy DF OF 
 1 Joshua Morrissey         Travis Hamonic           60     1   2  2  
 2 Josh Manson              Josh Gorges              40     1   2  2  

4 vs 4 Forward 
   Center                   Wing                     Time % Phy DF OF 
 1 Frederick Gaudreau       Wayne Simmonds           60     1   2  2  
 2 Marian Hossa             Alex Galchenyuk          40     1   2  2  

4 vs 4 Defense
   Defense                  Defense                  Time % Phy DF OF 
 1 Mark Pysyk               Joshua Morrissey         60     1   2  2  
 2 Josh Manson              Josh Gorges              40     1   2  2  

Last Minutes Offensive
   Center                   Left Wing                Right Wing               Defense                  Defense                  
   Alex Galchenyuk          Wayne Simmonds           Marian Hossa             Duncan Keith             Joshua Morrissey         

Last Minutes Defensive
   Center                   Left Wing                Right Wing               Defense                  Defense                  
   Jay McClement            Eric Fehr                Marian Hossa             Josh Manson              Josh Gorges              

Goaltenders
Starting : Anton Forsberg           
Backup : Craig Anderson           

Extra Forwards
Normal : Frederick Gaudreau, Brett Ritchie, Jimmy Vesey - PP : Frederick Gaudreau, Brett Ritchie - PK : Jimmy Vesey
Extra Defensemen
Normal : Mark Pysyk, Joshua Morrissey, Travis Hamonic - PP : Mark Pysyk - PK : Joshua Morrissey, Duncan Keith
Penalty Shots
Jacob Josefson, Wayne Simmonds, Marian Hossa, Alex Galchenyuk, Troy Brouwer
Custom OT Lines Forwards
Nathan MacKinnon, Wayne Simmonds, Marian Hossa, Alex Galchenyuk, Troy Brouwer, Eric Fehr, Brett Ritchie, Jimmy Vesey, Jacob Josefson, Jay McClement
Custom OT Lines Defensemen
Joshua Morrissey, Duncan Keith, Josh Manson, Josh Gorges, Mark Pysyk

Scratches
Nate Prosser (Healthy), Nathan Paetsch (Healthy), Ondrej Pavelec (Healthy)

Nordiques

5 vs 5 Forward 
   Center                   Left Wing                Right Wing               Time % Phy DF OF 
 1 Ryan O'Reilly            Jamie Benn               Sebastian Aho            35     0   2  3  
 2 Kyle Turris              Evander Kane             Alexander Wennberg       30     0   2  3  
 3 Patrik Berglund          Jakub Vrana              Jaromir Jagr             25     0   2  3  
 4 Luke Glendening          Derek MacKenzie          Paul Carey               10     0   2  3  

5 vs 5 Defense 
   Defense                  Defense                                           Time % Phy DF OF 
 1 Andrei Markov            Jared Spurgeon                                    38     1   3  1  
 2 Morgan Rielly            Shayne Gostisbehere                               38     1   3  1  
 3 Kevin Klein              Tom Gilbert                                       24     1   3  1  
 4 Andrei Markov            Jared Spurgeon                                    0      1   3  1  

PowerPlay Forward 
   Center                   Left Wing                Right Wing               Time % Phy DF OF 
 1 Ryan O'Reilly            Jamie Benn               Sebastian Aho            50     0   1  4  
 2 Kyle Turris              Evander Kane             Alexander Wennberg       50     0   1  4  

PowerPlay Defense
   Defense                  Defense                                           Time % Phy DF OF 
 1 Andrei Markov            Jared Spurgeon                                    50     1   2  2  
 2 Morgan Rielly            Shayne Gostisbehere                               50     1   2  2  

Penalty Kill 4 Players Forward 
   Center                   Wing                     Time % Phy DF OF 
 1 Ryan O'Reilly            Jamie Benn               50     1   2  2  
 2 Patrik Berglund          Evander Kane             50     1   3  1  

Penalty Kill 4 Players Defense
   Defense                  Defense                  Time % Phy DF OF 
 1 Andrei Markov            Jared Spurgeon           50     1   3  1  
 2 Morgan Rielly            Shayne Gostisbehere      50     1   3  1  

Penalty Kill - 3 Players Forward 
   Forward                                           Time % Phy DF OF 
 1 Ryan O'Reilly                                     50     0   3  2  
 2 Patrik Berglund                                   50     0   3  2  

Penalty Kill - 3 Players Defense
   Defense                  Defense                  Time % Phy DF OF 
 1 Andrei Markov            Jared Spurgeon           50     1   3  1  
 2 Morgan Rielly            Shayne Gostisbehere      50     1   3  1  

4 vs 4 Forward 
   Center                   Wing                     Time % Phy DF OF 
 1 Ryan O'Reilly            Jamie Benn               50     0   2  3  
 2 Kyle Turris              Alexander Wennberg       50     0   2  3  

4 vs 4 Defense
   Defense                  Defense                  Time % Phy DF OF 
 1 Andrei Markov            Jared Spurgeon           50     1   2  2  
 2 Morgan Rielly            Shayne Gostisbehere      50     1   2  2  

Last Minutes Offensive
   Center                   Left Wing                Right Wing               Defense                  Defense                  
   Ryan O'Reilly            Jamie Benn               Sebastian Aho            Andrei Markov            Jared Spurgeon           

Last Minutes Defensive
   Center                   Left Wing                Right Wing               Defense                  Defense                  
   Ryan O'Reilly            Jamie Benn               Sebastian Aho            Andrei Markov            Jared Spurgeon           

Goaltenders
Starting : Roberto Luongo           
Backup : Jonathan Bernier         

Extra Forwards
Normal : Ryan O'Reilly, Jamie Benn, Kyle Turris - PP : Jaromir Jagr, Patrik Berglund - PK : Ryan O'Reilly
Extra Defensemen
Normal : Kevin Klein, Tom Gilbert, Morgan Rielly - PP : Tom Gilbert - PK : Kevin Klein, Tom Gilbert
Penalty Shots
Jamie Benn, Kyle Turris, Sebastian Aho, Patrik Berglund, Ryan O'Reilly
Custom OT Lines Forwards
Jamie Benn, Ryan O'Reilly, Kyle Turris, Alexander Wennberg, Sebastian Aho, Patrik Berglund, Evander Kane, Jaromir Jagr, Jakub Vrana, Luke Glendening
Custom OT Lines Defensemen
Jared Spurgeon, Andrei Markov, Morgan Rielly, Shayne Gostisbehere, Kevin Klein

Scratches
Connor Brown (Healthy), John-Michael Liles (Healthy)

% Time on Ice - Jets

Lines # - Real PCT - Wanted PCT - Time Play
Normal Forward
1 - 35% - 40% - 18:13
2 - 27% - 30% - 14:17
3 - 20% - 20% - 10:31
4 - 18% - 10% - 9:08
Normal Defense
1 - 41% - 40% - 21:30
2 - 31% - 30% - 16:07
3 - 20% - 20% - 10:39
4 - 7% - 10% - 3:53
PP Forward
1 - 0% - 60%
2 - 0% - 40%
PP Defense
1 - 0% - 60%
2 - 0% - 40%
PK Forward
1 - 71% - 60% - 5:33
2 - 29% - 40% - 2:18
PK Defense
1 - 58% - 60% - 4:34
2 - 42% - 40% - 3:17
PK3 Forward
1 - 0% - 60%
2 - 0% - 40%
PK3 Defense
1 - 0% - 60%
2 - 0% - 40%
44 Forward
1 - 0% - 60%
2 - 0% - 40%
44 Defense
1 - 0% - 60%
2 - 0% - 40%
Last Minute Offensive  - 0:00
Last Minute Defensive  - 0:00
Total
Forward - 60:00
Defense - 60:00

% Time on Ice - Nordiques

Lines # - Real PCT - Wanted PCT - Time Play
Normal Forward
1 - 33% - 35% - 17:00
2 - 28% - 30% - 14:48
3 - 25% - 25% - 13:17
4 - 14% - 10% - 7:04
Normal Defense
1 - 37% - 38% - 19:11
2 - 37% - 38% - 19:12
3 - 26% - 24% - 13:46
4 - 0% - 0% - 0:00
PP Forward
1 - 66% - 50% - 5:12
2 - 34% - 50% - 2:39
PP Defense
1 - 43% - 50% - 3:23
2 - 57% - 50% - 4:28
PK Forward
1 - 0% - 50%
2 - 0% - 50%
PK Defense
1 - 0% - 50%
2 - 0% - 50%
PK3 Forward
1 - 0% - 50%
2 - 0% - 50%
PK3 Defense
1 - 0% - 50%
2 - 0% - 50%
44 Forward
1 - 0% - 50%
2 - 0% - 50%
44 Defense
1 - 0% - 50%
2 - 0% - 50%
Last Minute Offensive  - 0:00
Last Minute Defensive  - 0:00
Total
Forward - 60:00
Defense - 60:00

Play by Play

1st period


0:01 of 1st period - Ryan O'Reilly wins face-off versus Wayne Simmonds in neutral zone.
0:08 of 1st period - Icing by Nathan MacKinnon.
0:09 of 1st period - Ryan O'Reilly wins face-off versus Nathan MacKinnon in Jets zone.
0:34 of 1st period - Wrist shot by Sebastian Aho.
0:34 of 1st period - Shot Blocked by Joshua Morrissey.
0:40 of 1st period - Snap shot by Wayne Simmonds.
0:40 of 1st period - Goal by Wayne Simmonds - Jets : 1 - Nordiques : 0.
0:41 of 1st period - Alex Galchenyuk wins face-off versus Kyle Turris in neutral zone.
1:08 of 1st period - Josh Gorges is hit by Derek MacKenzie and loses puck.
1:23 of 1st period - Wrist shot by Alex Galchenyuk.
1:23 of 1st period - Deflect By Troy Brouwer.
1:23 of 1st period - Shot Blocked by Morgan Rielly.
1:23 of 1st period - Puck is out of play.
1:24 of 1st period - Colton Sissons wins face-off versus Patrik Berglund in Nordiques zone.
1:25 of 1st period - Snap shot by Eric Fehr.
1:25 of 1st period - Stopped by Roberto Luongo with a rebound.
1:27 of 1st period - Backhand shot by Josh Manson.
1:27 of 1st period - Stopped by Roberto Luongo without a rebound.
1:28 of 1st period - Jaromir Jagr wins face-off versus Brett Ritchie in Nordiques zone.
1:33 of 1st period - Slapshot by Patrik Berglund.
1:33 of 1st period - Shot Misses the Net.
1:56 of 1st period - Wrist shot by Eric Fehr.
1:56 of 1st period - Stopped by Roberto Luongo without a rebound.
1:57 of 1st period - Jay McClement wins face-off versus Kyle Turris in Nordiques zone.
2:26 of 1st period - Shayne Gostisbehere is hit by Jacob Josefson.
2:46 of 1st period - Snap shot by Evander Kane.
2:46 of 1st period - Deflect By Kyle Turris.
2:46 of 1st period - Goal by Kyle Turris - Jets : 1 - Nordiques : 1.
2:47 of 1st period - Marian Hossa wins face-off versus Sebastian Aho in neutral zone.
3:18 of 1st period - Off-side.
3:19 of 1st period - Patrik Berglund wins face-off versus Colton Sissons in neutral zone.
3:26 of 1st period - Slapshot by Jakub Vrana.
3:26 of 1st period - Stopped by Anton Forsberg without a rebound.
3:27 of 1st period - Ryan O'Reilly wins face-off versus Colton Sissons in Jets zone.
3:40 of 1st period - Off-side.
3:41 of 1st period - Patrik Berglund wins face-off versus Nathan MacKinnon in neutral zone.
4:41 of 1st period - Icing by Josh Manson.
4:42 of 1st period - Alex Galchenyuk wins face-off versus Kyle Turris in Jets zone.
7:12 of 1st period - Wrist shot by Patrik Berglund.
7:12 of 1st period - Stopped by Anton Forsberg with a rebound.
7:14 of 1st period - Slapshot by Tom Gilbert.
7:14 of 1st period - Stopped by Anton Forsberg with a rebound.
7:16 of 1st period - Slapshot by Tom Gilbert.
7:16 of 1st period - Stopped by Anton Forsberg without a rebound.
7:17 of 1st period - Ryan O'Reilly wins face-off versus Nathan MacKinnon in Jets zone.
7:18 of 1st period - Snap shot by Sebastian Aho.
7:18 of 1st period - Stopped by Anton Forsberg without a rebound.
7:19 of 1st period - Nathan MacKinnon wins face-off versus Ryan O'Reilly in Jets zone.
7:19 of 1st period - Nathan MacKinnon is hit by Ryan O'Reilly.
7:25 of 1st period - Slapshot by Marian Hossa.
7:25 of 1st period - Shot Misses the Net.
7:27 of 1st period - Snap shot by Travis Hamonic.
7:27 of 1st period - Deflect By Nathan MacKinnon.
7:27 of 1st period - Shot Misses the Net.
7:27 of 1st period - Puck is out of play.
7:28 of 1st period - Ryan O'Reilly wins face-off versus Nathan MacKinnon in Nordiques zone.
7:35 of 1st period - Wayne Simmonds is hit by Ryan O'Reilly and loses puck.
7:51 of 1st period - Icing by Marian Hossa.
7:52 of 1st period - Nathan MacKinnon wins face-off versus Kyle Turris in Jets zone.
8:03 of 1st period - Snap shot by Alex Galchenyuk.
8:03 of 1st period - Shot Misses the Net.
8:05 of 1st period - Wrist shot by Troy Brouwer.
8:05 of 1st period - Shot Misses the Net.
8:07 of 1st period - Slapshot by Duncan Keith.
8:07 of 1st period - Shot Misses the Net.
8:17 of 1st period - Mark Pysyk is hit by Andrei Markov and loses puck.
8:38 of 1st period - Patrik Berglund is hit by Wayne Simmonds and loses puck.
9:26 of 1st period - Wrist shot by Alexander Wennberg.
9:26 of 1st period - Shot Misses the Net.
9:28 of 1st period - Slapshot by Morgan Rielly.
9:28 of 1st period - Stopped by Anton Forsberg with a rebound.
9:50 of 1st period - Slapshot by Ryan O'Reilly.
9:50 of 1st period - Shot Misses the Net.
10:06 of 1st period - Wrist shot by Wayne Simmonds.
10:06 of 1st period - Goal by Wayne Simmonds - Jets : 2 - Nordiques : 1.
10:07 of 1st period - Sebastian Aho wins face-off versus Nathan MacKinnon in neutral zone.
10:12 of 1st period - Snap shot by Ryan O'Reilly.
10:12 of 1st period - Shot Misses the Net.
10:23 of 1st period - Off-side.
10:24 of 1st period - Alex Galchenyuk wins face-off versus Kyle Turris in neutral zone.
10:34 of 1st period - Slapshot by Kyle Turris.
10:34 of 1st period - Stopped by Anton Forsberg with a rebound.
11:19 of 1st period - Off-side.
11:20 of 1st period - Patrik Berglund wins face-off versus Jay McClement in neutral zone.
11:50 of 1st period - Jay McClement is hit by Jaromir Jagr and loses puck.
12:27 of 1st period - Snap shot by Jaromir Jagr.
12:27 of 1st period - Deflect By Jay McClement.
12:27 of 1st period - Shot Misses the Net.
12:27 of 1st period - Puck is out of play.
12:28 of 1st period - Ryan O'Reilly wins face-off versus Nathan MacKinnon in Jets zone.
12:29 of 1st period - Wrist shot by Jamie Benn.
12:29 of 1st period - Stopped by Anton Forsberg with a rebound.
12:45 of 1st period - Wrist shot by Sebastian Aho.
12:45 of 1st period - Stopped by Anton Forsberg with a rebound.
13:50 of 1st period - Evander Kane is hit by Troy Brouwer and loses puck.
14:42 of 1st period - Wrist shot by Jacob Josefson.
14:42 of 1st period - Stopped by Roberto Luongo without a rebound.
14:43 of 1st period - Jay McClement wins face-off versus Kyle Turris in Nordiques zone.
16:23 of 1st period - Snap shot by Alexander Wennberg.
16:23 of 1st period - Stopped by Anton Forsberg without a rebound.
16:24 of 1st period - Ryan O'Reilly wins face-off versus Alex Galchenyuk in Jets zone.
16:57 of 1st period - Wrist shot by Wayne Simmonds.
16:57 of 1st period - Stopped by Roberto Luongo without a rebound.
16:58 of 1st period - Marian Hossa wins face-off versus Kyle Turris in Nordiques zone.
17:09 of 1st period - Snap shot by Wayne Simmonds.
17:09 of 1st period - Shot Misses the Net.
17:11 of 1st period - Slapshot by Josh Gorges.
17:11 of 1st period - Shot Blocked by Morgan Rielly.
17:15 of 1st period - Wrist shot by Nathan MacKinnon.
17:15 of 1st period - Stopped by Roberto Luongo with a rebound.
17:27 of 1st period - Slapshot by Sebastian Aho.
17:27 of 1st period - Stopped by Anton Forsberg without a rebound.
17:28 of 1st period - Sebastian Aho wins face-off versus Alex Galchenyuk in Jets zone.
17:36 of 1st period - Icing by Joshua Morrissey.
17:37 of 1st period - Alex Galchenyuk wins face-off versus Sebastian Aho in Jets zone.
17:37 of 1st period - Alex Galchenyuk is hit by Andrei Markov.
18:05 of 1st period - Snap shot by Jimmy Vesey.
18:05 of 1st period - Shot Misses the Net.
18:25 of 1st period - Slapshot by Nathan MacKinnon.
18:25 of 1st period - Shot Misses the Net.
18:54 of 1st period - Snap shot by Colton Sissons.
18:54 of 1st period - Stopped by Roberto Luongo with a rebound.
19:16 of 1st period - Snap shot by Sebastian Aho.
19:16 of 1st period - Shot Misses the Net.
19:32 of 1st period - Slapshot by Wayne Simmonds.
19:32 of 1st period - Stopped by Roberto Luongo without a rebound.
19:33 of 1st period - Nathan MacKinnon wins face-off versus Kyle Turris in Nordiques zone.
19:34 of 1st period - Snap shot by Wayne Simmonds.
19:34 of 1st period - Shot Misses the Net.
19:39 of 1st period - Off-side.
19:40 of 1st period - Kyle Turris wins face-off versus Nathan MacKinnon in neutral zone.
19:57 of 1st period - Wrist shot by Wayne Simmonds.
19:57 of 1st period - Stopped by Roberto Luongo with a rebound.
Goals for this period are 2 for Jets vs 1 for Nordiques.
Shots for this period are 11 for Jets vs 12 for Nordiques.

2nd period


0:01 of 2nd period - Ryan O'Reilly wins face-off versus Nathan MacKinnon in neutral zone.
0:27 of 2nd period - Jakub Vrana is hit by Travis Hamonic and loses puck.
0:58 of 2nd period - Snap shot by Alex Galchenyuk.
0:58 of 2nd period - Shot Misses the Net.
1:15 of 2nd period - Backhand shot by Jared Spurgeon.
1:15 of 2nd period - Stopped by Anton Forsberg without a rebound.
1:16 of 2nd period - Ryan O'Reilly wins face-off versus Nathan MacKinnon in Jets zone.
1:17 of 2nd period - Wrist shot by Jamie Benn.
1:17 of 2nd period - Shot Hit the Post.
1:29 of 2nd period - Wrist shot by Sebastian Aho.
1:29 of 2nd period - Goal by Sebastian Aho - Jets : 2 - Nordiques : 2.
1:30 of 2nd period - Ryan O'Reilly wins face-off versus Wayne Simmonds in neutral zone.
1:36 of 2nd period - Minor Penalty to Wayne Simmonds for Interference.
1:37 of 2nd period - Eric Fehr wins face-off versus Ryan O'Reilly in Jets zone.
1:41 of 2nd period - Wrist shot by Jacob Josefson.
1:41 of 2nd period - Shot Misses the Net.
2:12 of 2nd period - Wrist shot by Sebastian Aho.
2:12 of 2nd period - Shot Misses the Net.
3:06 of 2nd period - Snap shot by Colton Sissons.
3:06 of 2nd period - Deflect By Jay McClement.
3:06 of 2nd period - Shot Blocked by Jamie Benn.
3:06 of 2nd period - Puck is out of play.
3:07 of 2nd period - Eric Fehr wins face-off versus Evander Kane in Nordiques zone.
3:24 of 2nd period - Snap shot by Alexander Wennberg.
3:24 of 2nd period - Stopped by Anton Forsberg without a rebound.
3:25 of 2nd period - Kyle Turris wins face-off versus Eric Fehr in Jets zone.
3:28 of 2nd period - Snap shot by Alexander Wennberg.
3:28 of 2nd period - Shot Misses the Net.
3:30 of 2nd period - Wrist shot by Evander Kane.
3:30 of 2nd period - Goal by Evander Kane - Jets : 2 - Nordiques : 3.
3:31 of 2nd period - Patrik Berglund wins face-off versus Nathan MacKinnon in neutral zone.
3:36 of 2nd period - Backhand shot by Jaromir Jagr.
3:36 of 2nd period - Shot Misses the Net.
3:38 of 2nd period - Snap shot by Jakub Vrana.
3:38 of 2nd period - Stopped by Anton Forsberg with a rebound.
3:52 of 2nd period - Minor Penalty to Wayne Simmonds for Hooking.
3:53 of 2nd period - Kyle Turris wins face-off versus Eric Fehr in Jets zone.
4:32 of 2nd period - Jamie Benn is hit by Travis Hamonic and loses puck.
5:52 of 2nd period - Penalty to Wayne Simmonds is over, Wayne Simmonds is back on ice.
5:53 of 2nd period - Slapshot by Jamie Benn.
5:53 of 2nd period - Deflect By Wayne Simmonds.
5:53 of 2nd period - Shot Misses the Net.
5:53 of 2nd period - Puck is out of play.
5:54 of 2nd period - Kyle Turris wins face-off versus Nathan MacKinnon in Jets zone.
6:01 of 2nd period - Slapshot by Kyle Turris.
6:01 of 2nd period - Shot Blocked by Joshua Morrissey.
6:07 of 2nd period - Backhand shot by Wayne Simmonds.
6:07 of 2nd period - Stopped by Roberto Luongo with a rebound.
6:09 of 2nd period - Slapshot by Duncan Keith.
6:09 of 2nd period - Shot Blocked by Kyle Turris.
6:11 of 2nd period - Snap shot by Wayne Simmonds.
6:11 of 2nd period - Stopped by Roberto Luongo without a rebound.
6:12 of 2nd period - Brett Ritchie wins face-off versus Patrik Berglund in Nordiques zone.
6:13 of 2nd period - Wrist shot by Eric Fehr.
6:13 of 2nd period - Stopped by Roberto Luongo with a rebound.
6:37 of 2nd period - Kyle Turris is hit by Wayne Simmonds and loses puck.
6:42 of 2nd period - Wrist shot by Wayne Simmonds.
6:42 of 2nd period - Shot Blocked by Kevin Klein.
6:44 of 2nd period - Slapshot by Mark Pysyk.
6:44 of 2nd period - Stopped by Roberto Luongo with a rebound.
6:48 of 2nd period - Snap shot by Nathan MacKinnon.
6:48 of 2nd period - Shot Misses the Net.
7:03 of 2nd period - Derek MacKenzie is hit by Jimmy Vesey and loses puck.
7:22 of 2nd period - Off-side.
7:23 of 2nd period - Nathan MacKinnon wins face-off versus Patrik Berglund in neutral zone.
7:58 of 2nd period - Kyle Turris is hit by Troy Brouwer and loses puck.
8:17 of 2nd period - Backhand shot by Jay McClement.
8:17 of 2nd period - Shot Misses the Net.
8:19 of 2nd period - Slapshot by Josh Manson.
8:19 of 2nd period - Deflect By Jacob Josefson.
8:19 of 2nd period - Shot Hit the Post.
8:19 of 2nd period - Puck is out of play.
8:20 of 2nd period - Nathan MacKinnon wins face-off versus Ryan O'Reilly in Nordiques zone.
8:34 of 2nd period - Wrist shot by Sebastian Aho.
8:34 of 2nd period - Shot Misses the Net.
8:36 of 2nd period - Snap shot by Sebastian Aho.
8:36 of 2nd period - Stopped by Anton Forsberg without a rebound.
8:37 of 2nd period - Alex Galchenyuk wins face-off versus Kyle Turris in Jets zone.
8:52 of 2nd period - Snap shot by Alexander Wennberg.
8:52 of 2nd period - Shot Blocked by Jimmy Vesey.
8:54 of 2nd period - Snap shot by Kyle Turris.
8:54 of 2nd period - Shot Blocked by Alex Galchenyuk.
9:14 of 2nd period - Snap shot by Nathan MacKinnon.
9:14 of 2nd period - Stopped by Roberto Luongo without a rebound.
9:15 of 2nd period - Colton Sissons wins face-off versus Patrik Berglund in Nordiques zone.
9:22 of 2nd period - Slapshot by Jared Spurgeon.
9:22 of 2nd period - Deflect By Jakub Vrana.
9:22 of 2nd period - Stopped by Anton Forsberg without a rebound.
9:23 of 2nd period - Patrik Berglund wins face-off versus Colton Sissons in Jets zone.
9:28 of 2nd period - Snap shot by Jakub Vrana.
9:28 of 2nd period - Shot Misses the Net.
10:04 of 2nd period - Wrist shot by Patrik Berglund.
10:04 of 2nd period - Stopped by Anton Forsberg with a rebound.
10:20 of 2nd period - Wrist shot by Duncan Keith.
10:20 of 2nd period - Shot Blocked by Andrei Markov.
10:22 of 2nd period - Slapshot by Joshua Morrissey.
10:22 of 2nd period - Shot Misses the Net.
10:24 of 2nd period - Slapshot by Duncan Keith.
10:24 of 2nd period - Deflect By Eric Fehr.
10:24 of 2nd period - Shot Misses the Net.
10:24 of 2nd period - Puck is out of play.
10:25 of 2nd period - Ryan O'Reilly wins face-off versus Nathan MacKinnon in Nordiques zone.
10:25 of 2nd period - Ryan O'Reilly is hit by Josh Gorges.
10:44 of 2nd period - Wayne Simmonds is hit by Jamie Benn and loses puck.
11:27 of 2nd period - Wrist shot by Jay McClement.
11:27 of 2nd period - Shot Blocked by Derek MacKenzie.
11:41 of 2nd period - Wrist shot by Jamie Benn.
11:41 of 2nd period - Shot Misses the Net.
12:15 of 2nd period - Snap shot by Jacob Josefson.
12:15 of 2nd period - Goal by Jacob Josefson - Jets : 3 - Nordiques : 3.
12:16 of 2nd period - Nathan MacKinnon wins face-off versus Ryan O'Reilly in neutral zone.
12:43 of 2nd period - Alex Galchenyuk is hit by Evander Kane and loses puck.
13:10 of 2nd period - Wrist shot by Eric Fehr.
13:10 of 2nd period - Shot Misses the Net.
13:12 of 2nd period - Snap shot by Eric Fehr.
13:12 of 2nd period - Deflect By Colton Sissons.
13:12 of 2nd period - Stopped by Roberto Luongo with a rebound.
13:14 of 2nd period - Snap shot by Brett Ritchie.
13:14 of 2nd period - Shot Blocked by Jaromir Jagr.
13:21 of 2nd period - Icing by Shayne Gostisbehere.
13:22 of 2nd period - Luke Glendening wins face-off versus Jay McClement in Nordiques zone.
14:15 of 2nd period - Slapshot by Jared Spurgeon.
14:15 of 2nd period - Stopped by Anton Forsberg with a rebound.
14:17 of 2nd period - Wrist shot by Kyle Turris.
14:17 of 2nd period - Stopped by Anton Forsberg with a rebound.
14:19 of 2nd period - Wrist shot by Alexander Wennberg.
14:19 of 2nd period - Shot Blocked by Nathan MacKinnon.
14:21 of 2nd period - Snap shot by Evander Kane.
14:21 of 2nd period - Shot Misses the Net.
14:23 of 2nd period - Snap shot by Kyle Turris.
14:23 of 2nd period - Stopped by Anton Forsberg with a rebound.
15:13 of 2nd period - Slapshot by Tom Gilbert.
15:13 of 2nd period - Stopped by Anton Forsberg without a rebound.
15:14 of 2nd period - Ryan O'Reilly wins face-off versus Nathan MacKinnon in Jets zone.
15:21 of 2nd period - Snap shot by Sebastian Aho.
15:21 of 2nd period - Shot Misses the Net.
15:43 of 2nd period - Duncan Keith is hit by Andrei Markov and loses puck.
15:48 of 2nd period - Snap shot by Kyle Turris.
15:48 of 2nd period - Stopped by Anton Forsberg with a rebound.
15:50 of 2nd period - Slapshot by Andrei Markov.
15:50 of 2nd period - Shot Blocked by Alex Galchenyuk.
15:52 of 2nd period - Snap shot by Alexander Wennberg.
15:52 of 2nd period - Shot Blocked by Jimmy Vesey.
16:51 of 2nd period - Tom Gilbert is hit by Nathan MacKinnon and loses puck.
17:16 of 2nd period - Icing by Kevin Klein.
17:17 of 2nd period - Kyle Turris wins face-off versus Alex Galchenyuk in Nordiques zone.
17:24 of 2nd period - Snap shot by Kyle Turris.
17:24 of 2nd period - Stopped by Anton Forsberg with a rebound.
17:34 of 2nd period - Snap shot by Alexander Wennberg.
17:34 of 2nd period - Shot Misses the Net.
17:36 of 2nd period - Wrist shot by Kevin Klein.
17:36 of 2nd period - Deflect By Alexander Wennberg.
17:36 of 2nd period - Stopped by Anton Forsberg without a rebound.
17:37 of 2nd period - Marian Hossa wins face-off versus Ryan O'Reilly in Jets zone.
18:10 of 2nd period - Snap shot by Kyle Turris.
18:10 of 2nd period - Stopped by Anton Forsberg with a rebound.
18:12 of 2nd period - Snap shot by Alexander Wennberg.
18:12 of 2nd period - Stopped by Anton Forsberg with a rebound.
18:14 of 2nd period - Backhand shot by Kyle Turris.
18:14 of 2nd period - Stopped by Anton Forsberg without a rebound.
18:15 of 2nd period - Kyle Turris wins face-off versus Colton Sissons in Jets zone.
18:41 of 2nd period - Marian Hossa is hit by Morgan Rielly and loses puck.
18:54 of 2nd period - Snap shot by Sebastian Aho.
18:54 of 2nd period - Shot Blocked by Joshua Morrissey.
19:12 of 2nd period - Wrist shot by Jimmy Vesey.
19:12 of 2nd period - Shot Blocked by Tom Gilbert.
19:14 of 2nd period - Slapshot by Duncan Keith.
19:14 of 2nd period - Shot Blocked by Jakub Vrana.
19:16 of 2nd period - Snap shot by Jimmy Vesey.
19:16 of 2nd period - Shot Misses the Net.
19:46 of 2nd period - Wrist shot by Colton Sissons.
19:46 of 2nd period - Shot Misses the Net.
19:48 of 2nd period - Wrist shot by Colton Sissons.
19:48 of 2nd period - Shot Misses the Net.
19:50 of 2nd period - Slapshot by Colton Sissons.
19:50 of 2nd period - Shot Misses the Net.
19:52 of 2nd period - Slapshot by Travis Hamonic.
19:52 of 2nd period - Stopped by Roberto Luongo without a rebound.
19:53 of 2nd period - Ryan O'Reilly wins face-off versus Nathan MacKinnon in Nordiques zone.
19:53 of 2nd period - Ryan O'Reilly is hit by Travis Hamonic.
Goals for this period are 1 for Jets vs 2 for Nordiques.
Shots for this period are 8 for Jets vs 18 for Nordiques.

3rd period


0:01 of 3rd period - Ryan O'Reilly wins face-off versus Nathan MacKinnon in neutral zone.
0:23 of 3rd period - Marian Hossa is hit by Jamie Benn and loses puck.
1:17 of 3rd period - Jamie Benn is hit by Josh Gorges and loses puck.
1:38 of 3rd period - Snap shot by Jamie Benn.
1:38 of 3rd period - Stopped by Anton Forsberg without a rebound.
1:39 of 3rd period - Alex Galchenyuk wins face-off versus Kyle Turris in Jets zone.
1:53 of 3rd period - Snap shot by Alexander Wennberg.
1:53 of 3rd period - Shot Blocked by Duncan Keith.
2:13 of 3rd period - Wrist shot by Jakub Vrana.
2:13 of 3rd period - Stopped by Anton Forsberg without a rebound.
2:14 of 3rd period - Kyle Turris wins face-off versus Colton Sissons in Jets zone.
2:19 of 3rd period - Snap shot by Alexander Wennberg.
2:19 of 3rd period - Stopped by Anton Forsberg with a rebound.
3:01 of 3rd period - Andrei Markov is hit by Mark Pysyk and loses puck.
3:08 of 3rd period - Slapshot by Jacob Josefson.
3:08 of 3rd period - Shot Misses the Net.
3:54 of 3rd period - Jimmy Vesey is hit by Morgan Rielly and loses puck.
4:07 of 3rd period - Shayne Gostisbehere is hit by Brett Ritchie and loses puck.
5:25 of 3rd period - Andrei Markov is hit by Jacob Josefson and loses puck.
5:48 of 3rd period - Nathan MacKinnon is hit by Kyle Turris and loses puck.
6:39 of 3rd period - Mark Pysyk is hit by Andrei Markov and loses puck.
7:25 of 3rd period - Icing by Tom Gilbert.
7:26 of 3rd period - Patrik Berglund wins face-off versus Alex Galchenyuk in Nordiques zone.
8:07 of 3rd period - Slapshot by Jimmy Vesey.
8:07 of 3rd period - Shot Misses the Net.
8:11 of 3rd period - Wrist shot by Troy Brouwer.
8:11 of 3rd period - Stopped by Roberto Luongo with a rebound.
8:15 of 3rd period - Wrist shot by Jimmy Vesey.
8:15 of 3rd period - Stopped by Roberto Luongo with a rebound.
8:17 of 3rd period - Snap shot by Jimmy Vesey.
8:17 of 3rd period - Stopped by Roberto Luongo without a rebound.
8:18 of 3rd period - Nathan MacKinnon wins face-off versus Ryan O'Reilly in Nordiques zone.
8:45 of 3rd period - Brett Ritchie is hit by Patrik Berglund and loses puck.
8:56 of 3rd period - Slapshot by Shayne Gostisbehere.
8:56 of 3rd period - Shot Blocked by Joshua Morrissey.
8:58 of 3rd period - Slapshot by Morgan Rielly.
8:58 of 3rd period - Shot Misses the Net.
9:12 of 3rd period - Slapshot by Jacob Josefson.
9:12 of 3rd period - Deflect By Jay McClement.
9:12 of 3rd period - Stopped by Roberto Luongo without a rebound.
9:13 of 3rd period - Ryan O'Reilly wins face-off versus Jay McClement in Nordiques zone.
9:24 of 3rd period - Snap shot by Jacob Josefson.
9:24 of 3rd period - Shot Misses the Net.
9:40 of 3rd period - Kyle Turris is hit by Wayne Simmonds and loses puck.
9:52 of 3rd period - Minor Penalty to Travis Hamonic for Slashing.
9:53 of 3rd period - Eric Fehr wins face-off versus Kyle Turris in Jets zone.
9:59 of 3rd period - Backhand shot by Mark Pysyk.
9:59 of 3rd period - Shot Misses the Net.
10:54 of 3rd period - Wrist shot by Colton Sissons.
10:54 of 3rd period - Shot Misses the Net.
11:52 of 3rd period - Penalty to Travis Hamonic is over, Travis Hamonic is back on ice.
12:18 of 3rd period - Minor Penalty to Joshua Morrissey for Hooking.
12:19 of 3rd period - Ryan O'Reilly wins face-off versus Eric Fehr in Jets zone.
12:22 of 3rd period - Snap shot by Jamie Benn.
12:22 of 3rd period - Stopped by Anton Forsberg with a rebound.
12:24 of 3rd period - Snap shot by Jamie Benn.
12:24 of 3rd period - Stopped by Anton Forsberg with a rebound.
12:26 of 3rd period - Snap shot by Ryan O'Reilly.
12:26 of 3rd period - Stopped by Anton Forsberg without a rebound.
12:27 of 3rd period - Ryan O'Reilly wins face-off versus Eric Fehr in Jets zone.
12:53 of 3rd period - Slapshot by Shayne Gostisbehere.
12:53 of 3rd period - Shot Misses the Net.
12:55 of 3rd period - Slapshot by Morgan Rielly.
12:55 of 3rd period - Stopped by Anton Forsberg with a rebound.
12:57 of 3rd period - Snap shot by Ryan O'Reilly.
12:57 of 3rd period - Stopped by Anton Forsberg without a rebound.
12:58 of 3rd period - Eric Fehr wins face-off versus Alexander Wennberg in Jets zone.
13:31 of 3rd period - Slapshot by Shayne Gostisbehere.
13:31 of 3rd period - Shot Misses the Net.
13:33 of 3rd period - Snap shot by Sebastian Aho.
13:33 of 3rd period - Stopped by Anton Forsberg with a rebound.
14:18 of 3rd period - Penalty to Joshua Morrissey is over, Joshua Morrissey is back on ice.
14:32 of 3rd period - Off-side.
14:33 of 3rd period - Patrik Berglund wins face-off versus Nathan MacKinnon in neutral zone.
14:49 of 3rd period - Snap shot by Wayne Simmonds.
14:49 of 3rd period - Stopped by Roberto Luongo without a rebound.
14:50 of 3rd period - Alex Galchenyuk wins face-off versus Jamie Benn in Nordiques zone.
15:30 of 3rd period - Snap shot by Nathan MacKinnon.
15:30 of 3rd period - Shot Misses the Net.
15:57 of 3rd period - Slapshot by Ryan O'Reilly.
15:57 of 3rd period - Stopped by Anton Forsberg with a rebound.
16:23 of 3rd period - Wrist shot by Jamie Benn.
16:23 of 3rd period - Shot Misses the Net.
16:25 of 3rd period - Wrist shot by Tom Gilbert.
16:25 of 3rd period - Shot Misses the Net.
16:27 of 3rd period - Slapshot by Ryan O'Reilly.
16:27 of 3rd period - Shot Misses the Net.
16:29 of 3rd period - Snap shot by Shayne Gostisbehere.
16:29 of 3rd period - Deflect By Jamie Benn.
16:29 of 3rd period - Shot Misses the Net.
16:29 of 3rd period - Puck is out of play.
16:30 of 3rd period - Patrik Berglund wins face-off versus Colton Sissons in Jets zone.
17:15 of 3rd period - Derek MacKenzie is hit by Jimmy Vesey.
17:19 of 3rd period - Slapshot by Jared Spurgeon.
17:19 of 3rd period - Shot Blocked by Alex Galchenyuk.
17:22 of 3rd period - Icing by Josh Gorges.
17:23 of 3rd period - Patrik Berglund wins face-off versus Alex Galchenyuk in Jets zone.
17:26 of 3rd period - Wrist shot by Jakub Vrana.
17:26 of 3rd period - Shot Blocked by Alex Galchenyuk.
18:16 of 3rd period - Slapshot by Nathan MacKinnon.
18:16 of 3rd period - Stopped by Roberto Luongo without a rebound.
18:17 of 3rd period - Patrik Berglund wins face-off versus Nathan MacKinnon in Nordiques zone.
19:09 of 3rd period - Mark Pysyk is hit by Jamie Benn and loses puck.
19:55 of 3rd period - Alexander Wennberg is hit by Brett Ritchie and loses puck.
Goals for this period are 0 for Jets vs 0 for Nordiques.
Shots for this period are 6 for Jets vs 10 for Nordiques.

Overtime #1


0:01 of 1st overtime period - Ryan O'Reilly wins face-off versus Wayne Simmonds in neutral zone.
0:26 of 1st overtime period - Kyle Turris is hit by Joshua Morrissey and loses puck.
0:36 of 1st overtime period - Slapshot by Duncan Keith.
0:36 of 1st overtime period - Shot Blocked by Alexander Wennberg.
0:38 of 1st overtime period - Snap shot by Nathan MacKinnon.
0:38 of 1st overtime period - Shot Misses the Net.
1:11 of 1st overtime period - Icing by Joshua Morrissey.
1:12 of 1st overtime period - Kyle Turris wins face-off versus Eric Fehr in Jets zone.
1:21 of 1st overtime period - Slapshot by Alexander Wennberg.
1:21 of 1st overtime period - Deflect By Kyle Turris.
1:21 of 1st overtime period - Goal by Kyle Turris - Jets : 3 - Nordiques : 4.
Goals for this period are 0 for Jets vs 1 for Nordiques.
Shots for this period are 0 for Jets vs 1 for Nordiques.